 Dungeon Crawl Stone Soup version 0.31.0-11-ge490571c62 (webtiles) character file.

Game seed: 10182143490674012998

35 jasper the Covered (level 3, -1/30 HPs)
             Began as an Armataur Fighter on Feb 3, 2024.
             Incinerated by a bombardier beetle (3 damage)
             ... with a burning spray
             ... on level 2 of the Dungeon.
             The game lasted 00:01:38 (1115 turns).

jasper the Covered (Armataur Fighter)               Turns: 1115, Time: 00:01:38

Health: -1/30      AC:  9    Str: 21    XL:     3   Next: 16%
Magic:  3/3        EV:  7    Int: 10    God:
Gold:   99         SH:  4    Dex:  9    Spells: 2/2 levels left

rFire   . . .        a - +0 long sword
rCold   . . .        c - +0 buckler
rNeg    . . .        b - +0 scale mail
rPois   .            e - +0 helmet
rElec   .            (no cloak)
rCorr   .            j - +0 pair of gloves
SInv    .            (no barding)
Will    .....        (no amulet) Stlth
                     (no ring)
HPRegen 0.25/turn    (no ring)
MPRegen 0.74/turn

%: roll
@: on fire, glowing
A: large, deformed body, tough skin 3, armoured tail, roll 1
a: no special abilities


You were on level 2 of the Dungeon.
You visited 1 branch of the dungeon, and saw 2 of its levels.

You collected 99 gold pieces.

Inventory:

Hand Weapons
 a - a +0 long sword (weapon)
 g - a +0 dagger
Missiles
 k - 17 stones (quivered)
Armour
 b - a +0 scale mail (worn)
 c - a +0 buckler (worn)
 e - a +0 helmet (worn)
 j - a +0 pair of gloves (worn)
Scrolls
 f - a scroll of teleportation {unknown}
 h - a scroll of identify {unknown}
Potions
 d - a potion of might
 i - a potion of magic {unknown}


   Skills:
 - Level 2.6 Fighting
 + Level 3.3 Long Blades
 - Level 3.6 Armour
 - Level 3.2 Shields


You had 2 spell levels left.
You didn't know any spells.
Your spell library was empty.

Dungeon Overview and Level Annotations

Branches:
Dungeon (2/15)

Altars:


Innate Abilities, Weirdness & Mutations

Armour fits poorly on your strangely shaped body.
You have extremely tough skin. (AC +3)
You have a long armoured tail.
You regenerate magic when rolling toward enemies. (Rampage MPRegen)


Message History

You slash the bombardier beetle!
The bombardier beetle is severely wounded.
The liquid fire burns you!
You shake off some of the fire as you move.
The liquid fire burns you!
The bombardier beetle sprays incendiary fluid at you.
The burning spray hits you.
You are even more covered in liquid fire!
You shake off some of the fire as you move.
The liquid fire burns you!
You shake off some of the fire as you move.
The liquid fire burns you!
* * * LOW HITPOINT WARNING * * *
You shake off some of the fire as you move.
The liquid fire burns you!
* * * LOW HITPOINT WARNING * * *
You roll towards the bombardier beetle!
You shake off the liquid fire.
You hit the bombardier beetle.
The bombardier beetle is severely wounded.
The bombardier beetle bites you but does no damage.
You hit the bombardier beetle but do no damage.
The bombardier beetle is severely wounded.
The bombardier beetle sprays incendiary fluid at you.
The burning spray hits you.
You are covered in liquid fire!
You shake off some of the fire as you move.
The liquid fire burns you!
* * * LOW HITPOINT WARNING * * *
You shake off the liquid fire.
You roll towards the bombardier beetle!
You hit the bombardier beetle but do no damage.
The bombardier beetle is severely wounded.
The bombardier beetle sprays incendiary fluid at you.
The burning spray hits you.
You are covered in liquid fire!
You hit the bombardier beetle.
You kill the bombardier beetle!
The liquid fire burns you!
You die...

##.#...#.## ##.....##
##...## ##'## ######.#
# #......# ..
####.######
#$###############....#
#..............@..####
.........#########.#
########.# ####.# #.#
#....# #.# ###.####
#.. #....#### ...
#.#...#.# #...
#.#####.# ....
#.....[.#


There were no monsters in sight!

Vanquished Creatures
  A bombardier beetle (D:2)
  A dart slug (D:1)
  3 bats (D:1)
  3 endoplasms
  2 giant cockroaches
  3 goblins
  2 hobgoblins (D:1)
  4 jackals (D:1)
  2 kobolds (D:1)
  2 quokkas (D:1)
  2 ball pythons (D:1)
  A frilled lizard (D:1)
  3 rats (D:1)
29 creatures vanquished.

Notes
Turn   | Place    | Note
-------+----------+-------------------------------------------
     0 | D:1      | jasper the Armataur Fighter began the quest for the Orb.
     0 | D:1      | Reached XP level 1. HP: 18/18 MP: 1/1
   116 | D:1      | Reached XP level 2. HP: 25/25 MP: 2/2
   619 | D:1      | Reached XP level 3. HP: 30/30 MP: 3/3
  1112 | D:2      | HP: 1/30 [burnt (3)]
  1115 | D:2      | Incinerated by a bombardier beetle

Illustrated notes

Levels and vault maps discovered:
D:1:      lightli_molten_gateway, layout_loops_corners, grunt_decor_fettered
D:2:      layout_basic, dk_noncrumbling_3, minmay_pentomino_r4, uniq_terence

Skill      XL: |  1  2 |
---------------+-------+-----
Long Blades    | 2 3 |  3.3
Fighting       | |  2.6
Armour         | |  3.6
Shields        | |  3.2

Action                     || total
---------------------------++-------
  Melee: Long sword        ||   113
         Tailslap          ||     7
    Use: Scroll            ||     3
 Armour: Scale mail        ||    93
  Dodge: Dodged            ||    31
  Block: Buckler           ||    18
